 Dungeon Crawl Stone Soup version 0.27-a0-1228-gfd60fd639a (webtiles) character file.

Game seed: 7684810398042226785

119 ZappyNine the Magician (level 4, -3/21 HPs)
             Began as a Spriggan Conjurer on June 7, 2021.
             Killed from afar by Sigmund (9 damage)
             ... with a magic dart
             ... on level 3 of the Dungeon.
             The game lasted 00:03:52 (3041 turns).

ZappyNine the Magician (Spriggan Conjurer)          Turns: 3041, Time: 00:03:53

Health: -3/21      AC:  3    Str:  3    XL:     4   Next: 73%
Magic:  2/11       EV: 17    Int: 20    God:
Gold:   71         SH:  0    Dex: 13    Spells: 9/12 levels left

rFire    + . .     SeeInvis +   m - +2 quarterstaff (chaos)
rCold    + . .     Faith    .   (shield currently unavailable)
rNeg     . . .     Spirit   .   a - +0 robe
rPois    +         Reflect  .   (helmet restricted)
rElec    +         Harm     .   n - +0 cloak
rCorr    +         Rampage  .   (gloves unavailable)
Will     .....                  (boots unavailable)
Stlth    ++........             (no amulet)
HPRegen  0.07/turn              (no ring)
MPRegen  0.12/turn              (no ring)

@: resistant, very quick
A: very small, no large weapons, unfitting armour, see invisible, speed 3
a: no special abilities


You were on level 3 of the Dungeon.
You visited 1 branch of the dungeon, and saw 3 of its levels.

You collected 71 gold pieces.

Inventory:

Hand Weapons
 d - a +0 dagger
 m - a +2 quarterstaff of chaos (weapon)
Armour
 a - a +0 robe (worn)
 i - a +0 buckler
 n - a +0 cloak (worn)
Wands
 k - a wand of digging (3)
Scrolls
 c - a scroll of enchant armour {unknown}
 e - a scroll of immolation {unknown}
 f - 5 scrolls of identify {unknown}
 g - a scroll of silence {unknown}
 h - a scroll of magic mapping {unknown}
 o - a scroll of amnesia {unknown}
Potions
 b - a potion of degeneration {unknown}
 j - a potion of curing
 l - 2 potions of resistance


   Skills:
 - Level 2.6 Dodging
 - Level 3.0 Stealth
 + Level 4.7 Spellcasting
 + Level 3.9 Conjurations


You had 9 spell levels left.
You knew the following spells:

 Your Spells              Type           Power      Damage    Failure   Level
a - Magic Dart            Conj           80%        1d7       2%          1
b - Searing Ray           Conj           40%        3d4       3%          2

Your spell library contained the following spells:

 Spells                   Type           Power      Damage    Failure   Level
 Dazzling Flash           Conj/Hex       24%        N/A       16%         3
 Fulminant Prism          Conj/Hex       6%         3d7       47%         4
 Iskenderun's Mystic Bla  Conj/Tloc      12%        2d5       47%         4


Dungeon Overview and Level Annotations

Branches:
Dungeon (3/15)

Altars:

Annotations:
D:3 Sigmund


Innate Abilities, Weirdness & Mutations

You are very small and have problems with some larger weapons.
You are too small for most types of armour.
You have supernaturally acute eyesight. (SInv)
You cover ground extremely quickly. (Speed+++)


Message History

(Press . to maintain the ray.) Sigmund barely misses you.
The jackal closely misses you.
The searing ray hits Sigmund.
Sigmund is severely wounded.
The jackal bites you.
Sigmund gestures wildly while chanting.
Sigmund flickers and vanishes for a moment.
Unknown command.
The searing ray hits Sigmund!
Sigmund is almost dead.
The jackal misses you.
Sigmund points at you and mumbles some strange words.
You easily resist.
Unknown command.
Without enough magic to sustain it, your searing ray dissipates.
The jackal barely misses you. The jackal misses you.
Sigmund hits you from afar with a +0 vampiric scythe.
Sigmund draws strength from your wounds!
Unknown command.
Sigmund screams, "Don't try to resist!"
It was a potion of resistance.
You feel protected.
You closely miss the jackal. The jackal misses you.
The jackal closely misses you.
Sigmund breathes a few words.
Sigmund's hands start flickering wildly.
Casting: Searing Ray (safe; 3% risk of failure)
Confirm with . or Enter, or press ? or * to list all spells.
You don't have enough magic to cast this spell.
Unknown command.
You hit the jackal.
The jackal seems to grow stronger.
The jackal is moderately wounded.
The jackal bites you.
* * * LOW HITPOINT WARNING * * *
Sigmund flickers, as though insubstantial.
The jackal bites you but does no damage.
Unknown command.
Sigmund points at you and mumbles some strange words.
The magic dart hits you!
You die...

#.........# ### #.#.......# #..
######## #.#.......# #..
#......# #.#.......# #..
..#......# #.#.....>####..
.............####..........##†.
..................<.....#.##..
...........##......#####.....
..#.....)..@......# #...<.
#.#.####.h........# #.....
#.#.......##....#.# #.....
#####....##...##......# #.....
#..........@..#....#### #.....
...####.#+##+#.#.##.# ######
#######..........##.#
#.....@.........###.#######
#.##..#.........###.#.....#


You could see Sigmund (invisible) and a jackal (strong).

Vanquished Creatures
  Crazy Yiuf (D:2)
  Jessica (D:2)
  An adder (D:2)
  A worm (D:3)
  6 ball pythons
  An endoplasm (D:2)
  3 giant cockroaches
  3 goblins
  9 hobgoblins
  6 jackals
  3 bats
  4 frilled lizards
  5 kobolds
  5 rats
49 creatures vanquished.

Vanquished Creatures (others)
  A withered plant (D:2)
1 creature vanquished.

Grand Total: 50 creatures vanquished

Notes
Turn   | Place    | Note
-------+----------+-------------------------------------------
     0 | D:1      | ZappyNine the Spriggan Conjurer began the quest for the
                  | Orb.
     0 | D:1      | Reached XP level 1. HP: 9/9 MP: 5/5
   209 | D:1      | Reached skill level 3 in Spellcasting
   229 | D:1      | Reached XP level 2. HP: 13/13 MP: 0/7
   419 | D:1      | Learned a level 2 spell: Searing Ray
  1540 | D:2      | Found a faded altar of an unknown god.
  1552 | D:2      | Reached XP level 3. HP: 16/16 MP: 3/9
  2056 | D:2      | Reached skill level 4 in Spellcasting
  2217 | D:2      | Noticed Jessica
  2221 | D:2      | Killed Jessica
  2222 | D:2      | Reached XP level 4. HP: 5/21 MP: 7/11
  2477 | D:2      | Found a runed translucent door.
  2478 | D:2      | Noticed Crazy Yiuf
  2701 | D:2      | Killed Crazy Yiuf
  3017 | D:3      | Noticed Sigmund
  3041 | D:3      | Killed from afar by Sigmund

Illustrated notes

Levels and vault maps discovered:
D:1:      kennysheep_arrival_forest, layout_loops_ring, minmay_tetromino_l4
D:2:      layout_basic, ebering_ecumenical_altar_petrified, uniq_jessica,
          uniq_crazy_yiuf_cottage
D:3:      layout_basic, gammafunk_ghost_arena, uniq_sigmund, uniq_grinder,
          uniq_robin

Skill      XL: |  1  2  3 |
---------------+----------+-----
Conjurations   | 3 |  3.9
Spellcasting   | 3 4 |  4.7
Dodging        | |  2.6
Stealth        | |  3.0

Action                   |  1- 3 |  4- 6 || total
-------------------------+-------+-------++-------
Melee: Dagger            |    86 |       ||    86
       Quarterstaff      |       |    12 ||    12
 Cast: Magic Dart        |    18 |       ||    18
       Searing Ray       |    13 |    12 ||    25
  Use: Potion            |       |     1 ||     1
 Stab: Sleeping          |     1 |     1 ||     2
Armor: Robe              |    12 |     1 ||    13
Dodge: Dodged            |   106 |    15 ||   121

Table legend: (Time is in decaauts)
 A = Elapsed time spent in this place.
 B = Non-inter-level travel time spent in this place.
 C = Inter-level travel time spent in this place.
 D = Time resting spent in this place.
 E = Time spent auto-exploring this place.
 F = Levels seen in this place.
 G = Mean time per level.
                   A        B        C        D        E       F      G
               +--------+--------+--------+--------+--------+-----+--------+
         Total |   2498 |   2447 |     51 |    374 |   1777 |   3 |  832.7 |
       Dungeon |   2498 |   2447 |     51 |    374 |   1777 |   3 |  832.7 |
               +--------+--------+--------+--------+--------+-----+--------+

Top non-repeatable levels by time:
     D:1: 1203 daAuts
     D:2: 1054 daAuts
     D:3: 240 daAuts
